 Dungeon Crawl Stone Soup version 0.26-a0-812-g31a745ddcd (webtiles) character file.

Game seed: 980189086103639664

50741 Borgoz the Stickfighter (level 14, -11/141 HPs)
             Began as a Gargoyle Gladiator on Dec 8, 2020.
             Was the Champion of Okawaru.
             Mangled by a catoblepas (17 damage)
             ... on level 5 of the Lair of Beasts.
             The game lasted 00:29:26 (18078 turns).

Borgoz the Stickfighter (Gargoyle Gladiator)       Turns: 18078, Time: 00:29:27

Health: -11/141    AC: 34    Str: 21    XL:     14   Next: 56%
Magic:  16/16      EV: 12    Int:  9    God:    Okawaru [******]
Gold:   970        SH:  0    Dex: 13    Spells: 13/13 levels left

rFire    + . .     SeeInvis .   a - +7 lajatang of Order {silver, rMut}
rCold    . . .     Faith    .   (shield currently unavailable)
rNeg     + + .     Spirit   .   f - +1 plate armour "Woxyso Puvo" {rElec rN+ MR+++ Stlth-}
rPois    ∞         Reflect  .   c - +0 helmet
rElec    +         Harm     .   t - +2 cloak {MR+}
rCorr    .         Rampage  .   w - +0 pair of gloves
rMut     +                      (no boots)
MR       +++++                  g - amulet of the acrobat
Stlth    ..........             h - +4 ring of evasion
HPRegen  0.33/turn              r - ring of protection from fire
MPRegen  0.15/turn

@: mighty, berserking (expiring), very quick
A: big wings, negative energy resistance 1, electricity resistance, unbreathing,
petrification resistance, rot immunity, AC +10
a: Fly, Heroism, Finesse, Renounce Religion


You were on level 5 of the Lair of Beasts.
You worshipped Okawaru.
Okawaru was exalted by your worship.
You visited 3 branches of the dungeon, and saw 16 of its levels.

You collected 970 gold pieces.

Inventory:

Hand Weapons
 a - the +7 lajatang of Order (weapon) {silver, rMut}
   (You found it on level 5 of the Dungeon)

   It protects you from mutation.
 b - a +5 vampiric quarterstaff
Missiles
 d - 4 throwing nets (quivered)
Armour
 c - a +0 helmet (worn)
 f - the +1 plate armour "Woxyso Puvo" (worn) {rElec rN+ MR+++ Stlth-}
   (You found it on level 3 of the Lair of Beasts)

   It insulates you from electricity.
   It protects you from negative energy.
   It affects your resistance to hostile enchantments.
   It makes you less stealthy.
 t - a +2 cloak of magic resistance (worn)
 w - a +0 pair of gloves (worn)
Jewellery
 g - an amulet of the acrobat (around neck)
 h - a +4 ring of evasion (left hand)
 r - a ring of protection from fire (right hand)
Wands
 i - a wand of disintegration (16)
 k - a wand of digging (9)
 s - a wand of flame (17)
 E - a wand of polymorph (9)
Scrolls
 e - 4 scrolls of blinking
 j - 5 scrolls of magic mapping
 m - 11 scrolls of teleportation
 o - 9 scrolls of remove curse
 u - a scroll of fog
Potions
 l - a potion of might
 n - 6 potions of curing
 v - a potion of cancellation


   Skills:
 + Level 13.3 Fighting
   Level 7.7(12.5) Maces & Flails
 * Level 15.4(15.9) Staves
 - Level 1.7 Throwing
 + Level 13.3 Armour
 + Level 3.5 Dodging
 + Level 3.0 Invocations


You had 13 spell levels left.
You didn't know any spells.
Your spell library contained the following spells:

 Spells                   Type           Power        Failure   Level
 Animate Skeleton         Necr           #.....       99%         1
 Apportation              Tloc           #.....       99%         1
 Corona                   Hex            #......      99%         1
 Magic Dart               Conj           #...         99%         1
 Pain                     Necr           #...         99%         1
 Shock                    Conj/Air       #...         99%         1
 Summon Small Mammal      Summ           #...         99%         1
 Blink                    Tloc           N/A          100%        2
 Call Imp                 Summ           #.......     100%        2
 Ensorcelled Hibernation  Hex/Ice        #.....       100%        2
 Slow                     Hex            #.......     100%        2
 Swiftness                Air            #.......     100%        2
 Confusing Touch          Hex            #.......     100%        3
 Conjure Flame            Conj/Fire      #.......     100%        3
 Dazzling Flash           Conj/Hex       #.....       100%        3
 Mephitic Cloud           Conj/Pois/Air  #.......     100%        3
 Static Discharge         Conj/Air       #.......     100%        3
 Tukima's Dance           Hex            #.......     100%        3
 Vampiric Draining        Necr           #.........   100%        3
 Airstrike                Air            #.........   100%        4
 Animate Dead             Necr           #.........   100%        4
 Agony                    Necr           #.......     100%        5
 Lightning Bolt           Conj/Air       #.........   100%        5


Dungeon Overview and Level Annotations

Branches:
Dungeon (10/15)            Temple (1/1) D:7            Lair (5/6) D:10
  Swamp (0/4) Lair:3        Snake (0/4) Lair:3        Slime (0/5) Lair:5
    Orc: D:9-12

Altars:
Ashenzari
Cheibriados
Dithmenos
Elyvilon
Fedhas
Gozag
Hepliaklqana
Kikubaaqudgha
Makhleb
Nemelex Xobeh
Okawaru
Qazlal
Ru
Sif Muna
Trog
Uskayaw
Vehumet
Wu Jian
Xom
Yredelemnul
Zin
The Shining One
Jiyva

Shops:
D:8 =}[(

Annotations:
Lair:5 1 transporter


Innate Abilities, Weirdness & Mutations

You are resistant to torment.
Your stone body is resilient. (AC +10)
You are immune to poison.
Your large and strong wings let you fly indefinitely.
You resist negative energy. (rN+)
You are resistant to electric shocks. (rElec)
You can survive without breathing.
You are immune to petrification.
You are immune to rotting.


Message History

The moth of wrath bites you.
* * * LOW HITPOINT WARNING * * *
You barely miss the moth of wrath.
The moth of wrath is moderately wounded.
You barely miss the moth of wrath.
The moth of wrath is moderately wounded.
The moth of wrath barely misses you.
You slice the moth of wrath!!
The moth of wrath is almost dead.
The moth of wrath bites you!
* * * LOW HITPOINT WARNING * * *
You slash the moth of wrath!
You kill the moth of wrath!
Okawaru accepts your kill.
You see here a pair of embroidered boots {god gift}.
The helpless moth of wrath fails to defend itself.
You slash the moth of wrath!
The moth of wrath is severely wounded.
The catoblepas gores you!
You die...

..##### ###### # ....#.#
##..#.##### ### ##
......####)..!..#..# ###.#######.
.....#.##..###.....###P....##.##.
.......##.##.#####......††.......
......##..#...©..##..#.†.†#......
.......#.##..#....##.##†.†.......
.......#.#.#...#...#.#...........
......#..# .#.##@.##.#.P.###....P
.......P.##$#..y#Y#©..PP..##.....
..........#?#.....##.....P.#....P
.........©#![.©#...#.#...........
..........#$.#...#.#..##.###.....
......##.##.....#.##..###.......#
.........#..#.#...#.....####.....
..!......#..#.#...#......##P.....
...<...).##.......#......###.....


You could see a catoblepas and a moth of wrath (petrified).

Vanquished Creatures
  The ghost of ma3 the Basher, a journeyman TrMo of Trog (Lair:5)
  Snorg (Lair:3)
  The ghost of Flubbersnuff the Basher, a journeyman MiBe of Trog (Lair:1)
  A boulder beetle (Lair:5)
  A catoblepas (Lair:4)
  5 hydras
  A centaur warrior (D:10)
  Erica (D:8)
  6 two-headed ogres
  An anaconda (Lair:5)
  6 death yaks
  2 unseen horrors
  The ghost of emiel the Geomancer, a novice DsWn (D:8)
  2 lindwurms
  A deep elf mage (D:8)
  14 elephants
  A moth of wrath (Lair:5)
  Joseph (D:8)
  Maurice (D:9)
  5 black mambas
  9 cane toads
  Maggie (D:10)
  12 komodo dragons
  2 rime drakes
  A freezing wraith (D:10)
  A polar bear (Lair:1)
  2 trolls
  Grinder (D:6)
  A hornet (D:10)
  9 blink frogs
  A dream sheep (Lair:2)
  A shadow (D:9)
  3 wyverns
  23 yaks
  Eustachio (D:6)
  A steam dragon (D:8)
  3 basilisks
  Menkaure (D:7)
  4 nagas (Lair:3)
  13 water moccasins
  An ice beast (D:8)
  2 sky beasts
  2 black bears
  4 orc warriors
  4 phantoms
  A necrophage (D:6)
  4 ogres
  4 centaurs
  29 wolves
  17 bullfrogs
  3 big kobolds
  A water moccasin zombie (D:10)
  A wyvern skeleton (D:10)
  2 scorpions
  A water moccasin skeleton (D:5)
  2 wights
  5 howler monkeys
  3 electric eels
  A bullfrog zombie (D:10)
  4 centaur zombies
  2 jellies
  A quasit (D:7)
  5 orc priests
  12 hounds
  11 orc wizards
  2 bullfrog skeletons
  A centaur skeleton (D:4)
  Terence (D:2)
  5 iguanas
  6 worker ants
  A hound zombie (D:6)
  2 hound skeletons (D:9)
  2 howler monkey zombies
  10 gnolls
  A howler monkey skeleton (D:6)
  14 adders
  A shadow imp (D:7)
  2 white imps
  5 ufetubi
  2 oozes
  3 adder skeletons
  A worm (D:4)
  A dart slug (D:1)
  6 leopard geckos
  39 orcs
  11 bats
  5 giant cockroaches
  13 goblins
  9 hobgoblins
  22 jackals
  5 quokkas
  A ball python (D:4)
  6 frilled lizards
  21 kobolds
  A quokka skeleton (D:5)
  11 rats
475 creatures vanquished.

Vanquished Creatures (others)
  A bush (Lair:4)
  24 fungi
  44 plants
  11 toadstools (Lair:4)
80 creatures vanquished.

Grand Total: 555 creatures vanquished

Notes
Turn   | Place    | Note
-------+----------+-------------------------------------------
     0 | D:1      | Borgoz the Gargoyle Gladiator began the quest for the Orb.
     0 | D:1      | Reached XP level 1. HP: 12/12 MP: 1/1
   168 | D:1      | Reached XP level 2. HP: 16/18 MP: 2/2
   251 | D:1      | Reached skill level 1 in Armour
   432 | D:1      | Reached XP level 3. HP: 21/22 MP: 3/3
   962 | D:2      | Reached XP level 4. HP: 27/27 MP: 4/4
  1202 | D:2      | Noticed a -3 dagger
  1202 | D:2      | Noticed a +0 hand axe
  1204 | D:2      | Found a hide-covered altar of Uskayaw.
  1356 | D:2      | Noticed Terence
  1368 | D:2      | Killed Terence
  1368 | D:2      | Reached XP level 5. HP: 32/32 MP: 5/5
  1431 | D:2      | Found a burning altar of Makhleb.
  1555 | D:3      | You fall into a shaft and drop 1 floor!
  1820 | D:4      | Reached skill level 5 in Maces & Flails
  1940 | D:4      | Reached XP level 6. HP: 38/38 MP: 6/6
  2023 | D:4      | Found a bloodstained altar of Trog.
  2510 | D:3      | Reached XP level 7. HP: 33/44 MP: 7/7
  2836 | D:3      | Found an ancient bone altar of Kikubaaqudgha.
  2912 | D:3      | Found a sacrificial altar of Ru.
  3845 | D:5      | Entered Level 5 of the Dungeon
  4352 | D:5      | Reached skill level 5 in Fighting
  4514 | D:5      | Reached XP level 8. HP: 46/49 MP: 8/8
  4745 | D:5      | Reached skill level 5 in Armour
  4913 | D:5      | Found the +7 lajatang of Order {silver, rMut}
  5124 | D:6      | Reached skill level 1 in Staves
  5133 | D:6      | Reached skill level 2 in Staves
  5440 | D:6      | Noticed Eustachio
  5448 | D:6      | Killed Eustachio
  5448 | D:6      | Reached skill level 3 in Staves
  5448 | D:6      | Reached XP level 9. HP: 44/56 MP: 9/9
  5577 | D:6      | Reached skill level 4 in Staves
  5614 | D:6      | Noticed Grinder
  5617 | D:6      | Killed Grinder
  5754 | D:6      | Found a shadowy altar of Dithmenos.
  5762 | D:6      | Found a shimmering altar of Xom.
  5762 | D:6      | Found an ornate altar of the Wu Jian Council.
  5764 | D:6      | Found an opulent altar of Gozag.
  5765 | D:6      | Found a broken altar of Ashenzari.
  6204 | D:7      | Reached skill level 5 in Staves
  6502 | D:7      | Found a staircase to the Ecumenical Temple.
  6585 | Temple   | Entered the Ecumenical Temple
  6600 | Temple   | Became a worshipper of Warmaster Okawaru
  6782 | D:7      | Reached skill level 6 in Staves
  6876 | D:7      | Noticed Menkaure
  6881 | D:7      | Killed Menkaure
  6881 | D:7      | Reached * piety under Okawaru
  6988 | D:7      | Reached XP level 10. HP: 64/64 MP: 10/10
  7213 | D:8      | Found Cefat's Antique Weapon Boutique.
  7281 | D:8      | Found an iron altar of Okawaru.
  7300 | D:8      | Found a radiant altar of Vehumet.
  7411 | D:8      | Noticed Erica
  7423 | D:8      | Killed Erica
  7423 | D:8      | Reached ** piety under Okawaru
  7423 | D:8      | Reached skill level 7 in Staves
  7597 | D:8      | Noticed Joseph
  7607 | D:8      | Killed Joseph
  7643 | D:8      | Found a runed translucent gate.
  7677 | D:8      | Found a runed translucent gate.
  7677 | D:8      | Found a runed translucent gate.
  7677 | D:8      | Noticed emiel's ghost (novice DsWn)
  7678 | D:8      | Noticed a deep elf mage
  7723 | D:8      | Found Cirargh's Gadget Shoppe.
  7761 | D:8      | Found a basalt altar of Yredelemnul.
  7793 | D:8      | Reached skill level 8 in Staves
  7811 | D:8      | Found Arah's Jewellery Boutique.
  7863 | D:8      | Found Uruhid's Antique Armour Shoppe.
  8243 | D:9      | Noticed a two-headed ogre
  8252 | D:8      | Reached *** piety under Okawaru
  8348 | D:8      | Killed a two-headed ogre
  8458 | D:9      | Found a shimmering blue altar of Sif Muna.
  8472 | D:9      | Reached skill level 9 in Staves
  8473 | D:9      | Noticed Maurice
  8481 | D:9      | Killed Maurice
  8481 | D:9      | Reached **** piety under Okawaru
  8481 | D:9      | Reached XP level 11. HP: 71/71 MP: 11/11
  8732 | D:10     | Entered Level 10 of the Dungeon
  8750 | D:10     | Noticed a two-headed ogre
  8756 | D:10     | Killed a two-headed ogre
  8756 | D:10     | Received a gift from Okawaru
  8830 | D:10     | Noticed Maggie
  8840 | D:10     | Killed Maggie
  8979 | D:10     | Noticed a two-headed ogre
  8986 | D:10     | Killed a two-headed ogre
  8986 | D:10     | Reached skill level 10 in Staves
  9019 | D:10     | Noticed a two-headed ogre
  9028 | D:10     | Killed a two-headed ogre
  9030 | D:10     | Noticed a centaur warrior
  9035 | D:10     | Noticed a cyclops
  9044 | D:10     | Found a staircase to the Lair.
  9044 | D:10     | Noticed a two-headed ogre
  9044 | D:10     | Noticed a two-headed ogre
  9048 | Lair:1   | Entered Level 1 of the Lair of Beasts
  9056 | Lair:1   | Killed a two-headed ogre
  9056 | Lair:1   | Reached ***** piety under Okawaru
  9056 | Lair:1   | Reached skill level 10 in Fighting
  9085 | Lair:1   | Killed an unseen horror
  9461 | Lair:1   | Noticed a four-headed hydra
  9473 | Lair:1   | Killed a four-headed hydra
  9473 | Lair:1   | Reached skill level 10 in Armour
  9624 | Lair:1   | Found a runed translucent door.
  9624 | Lair:1   | Noticed Flubbersnuff's ghost (journeyman MiBe)
  9728 | Lair:1   | Reached skill level 11 in Staves
  9953 | Lair:1   | Reached XP level 12. HP: 78/78 MP: 12/12
 10269 | Lair:1   | Killed Flubbersnuff's ghost
 10333 | Lair:2   | Received a gift from Okawaru
 10549 | Lair:2   | Reached skill level 12 in Staves
 10585 | Lair:2   | Reached ****** piety under Okawaru
 10769 | Lair:2   | Received a gift from Okawaru
 11164 | Lair:2   | Noticed a four-headed hydra
 11179 | Lair:2   | Killed a nine-headed hydra
 11199 | Lair:2   | Received a gift from Okawaru
 11929 | Lair:3   | Reached skill level 13 in Staves
 12016 | Lair:3   | Got an encrusted plate armour
 12028 | Lair:3   | Identified the +1 plate armour "Woxyso Puvo" {rElec rN+
                  | MR+++ Stlth-} (You found it on level 3 of the Lair of
                  | Beasts)
 12460 | Lair:3   | Found a staircase to the Swamp.
 12471 | Lair:3   | Reached XP level 13. HP: 68/85 MP: 13/13
 12639 | Lair:3   | Found a staircase to the Snake Pit.
 13160 | Lair:3   | Noticed Snorg
 13171 | Lair:3   | Killed Snorg
 13605 | Lair:4   | Reached skill level 14 in Staves
 14469 | Lair:4   | Found a runed translucent door.
 15102 | Lair:4   | Got a jasper-encrusted ring mail
 15113 | Lair:4   | Identified the +5 ring mail "Tuipsexu" {*Drain Int+3
                  | Slay+3} (You found it on level 4 of the Lair of Beasts)
 15315 | Lair:4   | Received a gift from Okawaru
 15323 | Lair:4   | Gained mutation: Your large and strong wings let you fly
                  | indefinitely. [Gargoyle growth]
 15323 | Lair:4   | Reached XP level 14. HP: 63/92 MP: 14/14
 15979 | Lair:5   | Found a transporter.
 15983 | Lair:5   | Noticed ma3's ghost (journeyman TrMo)
 15995 | Lair:5   | Found a transporter.
 16160 | Lair:5   | Reached skill level 15 in Staves
 16160 | Lair:5   | Reached skill level 1 in Invocations
 16280 | Lair:5   | Received a gift from Okawaru
 16300 | Lair:5   | Got a fine quarterstaff {god gift}
 16301 | Lair:5   | Identified the +2 quarterstaff of Melee {vorpal, rElec rF++
                  | MR+ Int-3} (Okawaru gifted it to you on level 5 of the Lair
                  | of Beasts)
 16448 | Lair:5   | Found a viscous altar of Jiyva.
 16449 | Lair:5   | Found a staircase to the Slime Pits.
 17478 | D:8      | Killed emiel's ghost
 18059 | Lair:5   | Killed ma3's ghost
 18059 | Lair:5   | Received a gift from Okawaru
 18075 | Lair:5   | HP: 6/141 [moth of wrath (12)]
 18078 | Lair:5   | Mangled by a catoblepas

Illustrated notes

Levels and vault maps discovered:
D:1:      heliophobic_arrival_enchanted_forest, layout_loops_ring
D:2:      layout_rooms, dancing_weapons_uskayaw, lightli_temple_of_fire,
          uniq_terence
D:3:      layout_basic, overflow_temple_1_default, hangedman_ru_absence
D:4:      corexii_shantytown, layout_basic, lemuel_doored_altar
D:5:      minmay_bubble_buster, layout_cave_pools, serial_column_ruins,
          column_ruins_hut, column_ruins_hut_ruined,
          column_ruins_corridor_straight, column_ruins_open_tiny_water,
          column_ruins_grid_1, column_ruins_grid_1, column_ruins_grid_1
D:6:      layout_basic, minitemple, minmay_fractal_squares_diagonal_5,
          uniq_grinder, uniq_eustachio
D:7:      layout_loops_ring, minmay_temple_entry_overgrown, uniq_menkaure
D:8:      layout_basic, overflow_temple_1_default, lemuel_round_altar,
          gammafunk_ghost_split, serial_shops, nicolae_shop_crystal, shop,
          nicolae_shop_competitors_out_of_business, shop,
          okawaru_ov_weapons_minmay, uniq_erica, uniq_joseph
D:9:      layout_gridville, lemuel_round_altar, grunt_ministairs_15,
          bh_walls_and_bars, uniq_maurice
D:10:     hangedman_cross_cluster, layout_rooms, lair_entry_dummy,
          minmay_crystal_room, uniq_maggie
Temple:   compressed_dpeg_triangle_lava_temple
Lair:1:   layout_regular_city, gammafunk_ghost_grave, infiniplex_staircase_pool,
          grunt_megastairs_4, lemuel_fruit_tree
Lair:2:   layout_roguey, serial_bayou_pond_c, chequers_serial_rivers_micro_b,
          hangedman_lair_generics_rect
Lair:3:   layout_layer_cave, minmay_swamp_entry_reptiles,
          minmay_snake_entry_guardpost_large, uniq_snorg
Lair:4:   gammafunk_lair_enchanted_lake, layout_gridlike, wad_woods_06
Lair:5:   layout_gridlike, slime_altar_1, gammafunk_ghost_berserking_beasts,
          serial_bayou_pond_c, serial_bayou_ford_a, grunt_megastairs_3

Skill      XL: |  1  2  3  4  5  6  7  8  9 10 11 12 13 14 |
---------------+-------------------------------------------+-----
Armour         | 1 2 3 4 6 7 9 10 11 12 13 | 13.3
Maces & Flails | 4 5 6 7 |  7.7
Fighting       | 3 4 5 6 7 9 10 11 12 13 | 13.3
Staves         | 3 6 9 11 13 14 15 | 15.4
Invocations    | 3 |  3.0
Dodging        | 3 |  3.5
Throwing       | |  1.7

Action                   |  1- 3 |  4- 6 |  7- 9 | 10-12 | 13-15 || total
-------------------------+-------+-------+-------+-------+-------++-------
Melee: Flail             |   126 |    53 |       |       |       ||   179
       Mace              |       |   256 |   326 |       |       ||   582
       Lajatang          |       |       |   125 |   409 |   440 ||   974
       Quarterstaff      |       |       |       |    17 |   169 ||   186
Invok: Heroism           |       |       |       |     2 |     3 ||     5
       Finesse           |       |       |       |     2 |       ||     2
Evoke: Wand              |       |       |       |     1 |     1 ||     2
  Use: Scroll            |     3 |     4 |     6 |     7 |     8 ||    28
       Potion            |       |       |       |     3 |     4 ||     7
 Stab: Sleeping          |     1 |       |       |       |       ||     1
       Petrified         |       |       |       |       |     3 ||     3
Armor: Leather armour    |    61 |    25 |       |       |       ||    86
       Chain mail        |       |    93 |       |       |       ||    93
       Ring mail         |       |    48 |       |       |    20 ||    68
       Scale mail        |       |       |   245 |   241 |       ||   486
       Plate armour      |       |       |       |    12 |   503 ||   515
Dodge: Dodged            |   111 |   270 |   335 |   339 |   492 ||  1547

Table legend: (Time is in decaauts)
 A = Elapsed time spent in this place.
 B = Non-inter-level travel time spent in this place.
 C = Inter-level travel time spent in this place.
 D = Time resting spent in this place.
 E = Time spent auto-exploring this place.
 F = Levels seen in this place.
 G = Mean time per level.
                   A        B        C        D        E       F      G
               +--------+--------+--------+--------+--------+-----+--------+
         Total |  17992 |  16467 |   1525 |   2704 |  10253 |  16 | 1124.5 |
       Dungeon |   9840 |   9133 |    707 |   1264 |   5538 |  10 |  984.0 |
        Temple |    122 |    118 |      4 |      0 |    114 |   1 |  122.0 |
          Lair |   8029 |   7216 |    813 |   1440 |   4600 |   5 | 1605.8 |
               +--------+--------+--------+--------+--------+-----+--------+

Top non-repeatable levels by time:
  Lair:4: 2240 daAuts
     D:4: 1758 daAuts
  Lair:2: 1713 daAuts
     D:8: 1646 daAuts
  Lair:3: 1442 daAuts
  Lair:1: 1408 daAuts
  Lair:5: 1223 daAuts
     D:6: 1146 daAuts
     D:5: 1064 daAuts
     D:1: 966 daAuts
     D:7: 920 daAuts
     D:3: 722 daAuts
     D:2: 616 daAuts
    D:10: 579 daAuts
     D:9: 418 daAuts
